 Dungeon Crawl Stone Soup version bcrawl-1.21.2-28-g2cb1824106 (webtiles) character file.

Game seed: 10252273563282156109

170 MisterOstroum the Ruffian (level 5, -2/46 HPs)
             Began as a Centaur Martial Artist on Mar 6, 2020.
             Was a Believer of Wu Jian.
             Slain by a gnoll
             ... wielding a cursed +0 halberd
              (10 damage)
             ... on level 3 of the Dungeon.
             The game lasted 00:02:05 (2032 turns).

MisterOstroum the Ruffian (Centaur Martial Artist)  Turns: 2032, Time: 00:02:06

Health: -2/46      AC:  6    Str: 16    XL:     5   Next: 25%
Magic:  6/6        EV: 10    Int:  8    God:    Wu Jian [**....]
Gold:   157        SH:  0    Dex: 11    Spells: 5/6 levels left

rFire    . . .     SeeInvis .   i - +2 spear (vamp)
rCold    . . .     Gourm    .   (no shield)
rNeg     . . .     Faith    .   l - +0 leather armour
rPois    .         Spirit   .   j - +2 hat
rElec    .         Reflect  .   (no cloak)
rCorr    .         Harm     .   (no gloves)
MR       .....                  (no barding)
Stlth    +.........             (no amulet)
HPRegen  0.15/turn              (no ring)
MPRegen  0.10/turn              (no ring)

@: lethally poisoned (-2 -> -2), very quick
A: large, hooves 3, deformed body, speed 2, tough skin 3
a: Wall Jump, Serpent's Lash, Renounce Religion


You were on level 3 of the Dungeon.
You worshipped Wu Jian.
Wu Jian was pleased with you.
You were hungry.

You visited 1 branch of the dungeon, and saw 3 of its levels.

You collected 157 gold pieces.

Inventory:

Hand Weapons
 i - a +2 vampiric spear (weapon)
Missiles
 g - 774 stones (quivered)
 t - 92 bolts
Armour
 a - a +0 robe
 j - a +2 hat (worn)
 l - a +0 leather armour (worn)
Jewellery
 p - an uncursed ring of see invisible {unknown}
 u - an uncursed ring of see invisible {unknown}
Scrolls
 d - a scroll of magic mapping {unknown}
 f - 7 scrolls of identify {unknown}
 k - 4 scrolls of teleportation {unknown}
 n - a scroll of remove curse {unknown}
 o - a scroll of amnesia {unknown}
 r - a scroll of enchant armour {unknown}
 s - a scroll of blinking {unknown}
Potions
 b - 3 potions of agility {@q5 !q}
 h - 2 potions of curing {unknown}
 m - a potion of brilliance {unknown}
 q - a potion of heal wounds {unknown}
 v - a potion of berserk rage {unknown}
 w - a potion of might {unknown}
Comestibles
 c - 6 chunks of flesh
 e - a ration {!d}


   Skills:
 + Level 4.0 Fighting
 * Level 2.5 Polearms
 - Level 0.1 Armour
 + Level 2.8 Dodging
 - Level 0.5 Stealth
 - Level 4.2 Unarmed Combat
 - Level 1.0 Spellcasting
 - Level 1.4 Hexes


You had 5 spell levels left.
You knew the following spells:

 Your Spells              Type           Power        Failure   Level  Hunger
a - Confusing Touch       Hex            #.......     26%         1    ##.....
Your spell library was empty.

Dungeon Overview and Level Annotations

Branches:
Dungeon (3/12)

Altars:
Yredelemnul


Innate Abilities, Weirdness & Mutations

You have hooves in place of feet.
Armour fits poorly on your strangely shaped body.
You cover ground very quickly.
You have extremely tough skin. (AC +3)


Message History

The adder bites you. The gnoll barely misses you.
The ball python bites you but does no damage.
The adder bites you.
You are poisoned.
The adder poisons you!
You feel sick.
Attack whom?
Press: ? - help, Dir - move target cursor, f - adder
Aim: an adder (severely wounded)
You reach to attack!
You hit the adder.
You feel better.
The adder is almost dead.
You feel sick.
You hit the adder.
You kill the adder!
The Council accepts your kill.
You hit the ball python.
You kill the ball python!
The Council accepts your kill.
You hit the ball python.
You feel better.
You kill the ball python!
The Council accepts your kill.
You feel sick.
Attack whom?
Press: ? - help, Dir - move target cursor, f - gnoll
Aim: a gnoll, wielding a +0 halberd You reach to attack!
You barely miss the gnoll. The gnoll misses you.
Attack whom?
Press: ? - help, Dir - move target cursor, f/p - gnoll
Aim: a gnoll, wielding a +0 halberd You reach to attack!
You hit the gnoll.
The gnoll is lightly wounded.
The gnoll hits you from afar with a cursed +0 halberd!
You are too injured to fight recklessly!
You are too injured to fight recklessly!
You are too injured to fight recklessly!
You are too injured to fight recklessly!
You are too injured to fight recklessly!
Attack whom?
Press: ? - help, Dir - move target cursor, f/p - gnoll
Aim: a gnoll, wielding a +0 halberd (lightly wounded)
You reach to attack!
You hit the gnoll.
You feel better.
The gnoll is lightly wounded.
You feel sick.
Attack whom?
Press: ? - help, Dir - move target cursor, f/p - gnoll
Aim: a gnoll, wielding a +0 halberd (lightly wounded)
You reach to attack!
You hit the gnoll but do no damage.
The gnoll is lightly wounded.
The gnoll barely misses you.
Attack whom?
Press: ? - help, Dir - move target cursor, f/p - gnoll
Aim: a gnoll, wielding a +0 halberd (lightly wounded)
You reach to attack!
You closely miss the gnoll.
The gnoll is lightly wounded.
The gnoll completely misses you.
Attack whom?
Press: ? - help, Dir - move target cursor, f/p - gnoll
Aim: a gnoll, wielding a +0 halberd (lightly wounded)
You reach to attack!
You hit the gnoll.
You feel better.
The gnoll is moderately wounded.
The gnoll barely misses you.
Attack whom?
Press: ? - help, Dir - move target cursor, f/p - gnoll
Aim: a gnoll, wielding a +0 halberd (moderately wounded)
You reach to attack!
You hit the gnoll.
The gnoll is heavily wounded.
Attack whom?
Press: ? - help, Dir - move target cursor, f/p - gnoll
Aim: a gnoll, wielding a +0 halberd (heavily wounded)
You reach to attack!
You barely miss the gnoll.
The gnoll is heavily wounded.
You feel sick. The gnoll closely misses you.
Attack whom?
Press: ? - help, Dir - move target cursor, f/p - gnoll
Aim: a gnoll, wielding a +0 halberd (heavily wounded)
You reach to attack!
You closely miss the gnoll.
The gnoll is heavily wounded.
The gnoll hits you from afar with a cursed +0 halberd!
Attack whom?
Press: ? - help, Dir - move target cursor, f/p - gnoll
Aim: a gnoll, wielding a +0 halberd (heavily wounded)
You reach to attack!
You hit the gnoll.
The gnoll is severely wounded.
The gnoll completely misses you.
Attack whom?
Press: ? - help, Dir - move target cursor, f/p - gnoll
Aim: a gnoll, wielding a +0 halberd (severely wounded)
Okay, then.
You lunge at the gnoll.
You closely miss the gnoll. You kick the gnoll.
The gnoll is almost dead.
You feel sick.
The gnoll hits you from afar with a cursed +0 halberd!
* * * LOW HITPOINT WARNING * * *
Attack whom?
Press: ? - help, Dir - move target cursor, f/p - gnoll
Aim: a gnoll, wielding a +0 halberd (almost dead)
You reach to attack!
You hit the gnoll but do no damage.
The gnoll is almost dead.
The gnoll hits you from afar with a cursed +0 halberd!
You die...

#.......##.#
##.##......##
P##
#.##.###...#
..## #....#
#...# ...
####.###...#
..##
#.......#
...#
###.###.##
..#
########.#
#..###)#
.........#
#..@.g.#
.#########
#.###### #.#
#.# #.# #.#
..


You could see a gnoll.

Vanquished Creatures
  A crimson imp (D:3)
  A worker ant (D:2)
  2 gnolls (D:3)
  2 adders (D:3)
  An ooze (D:1)
  3 dart slugs
  2 leopard geckos
  2 orcs
  5 bats
  7 giant cockroaches
  10 goblins
  7 hobgoblins
  3 jackals (D:2)
  4 kobolds
  2 ball pythons (D:3)
  3 frilled lizards
  2 rats
57 creatures vanquished.

Notes
Turn   | Place    | Note
-------+----------+-------------------------------------------
     0 | D:1      | MisterOstroum the Centaur Martial Artist began the quest
                  | for the Orb.
     0 | D:1      | Reached XP level 1. HP: 19/19 MP: 2/2
   155 | D:1      | Reached skill level 1 in Hexes
   155 | D:1      | Reached XP level 2. HP: 23/26 MP: 1/3
   913 | D:2      | Reached XP level 3. HP: 31/31 MP: 4/4
  1005 | D:2      | Reached skill level 1 in Polearms
  1132 | D:2      | Reached ** piety under Wu Jian
  1227 | D:2      | Reached XP level 4. HP: 40/40 MP: 5/5
  1432 | D:2      | Found a basalt altar of Yredelemnul.
  1886 | D:3      | Reached XP level 5. HP: 38/46 MP: 6/6
  2032 | D:3      | Slain by a gnoll

Skill      XL: |  1  2  3  4  5 |
---------------+----------------+-----
Hexes          | 1 |  1.4
Polearms       | 1 2 |  2.5
Fighting       | 4 |  4.0
Armour         | |  0.1
Dodging        | |  2.8
Stealth        | |  0.5
Unarmed Combat | |  4.2
Spellcasting   | |  1.0

Action                   |  1- 3 |  4- 6 || total
-------------------------+-------+-------++-------
Melee: Unarmed           |    17 |       ||    17
       Kick              |    16 |    11 ||    27
       Spear             |    71 |    90 ||   161
Invok: Lunge             |     2 |     1 ||     3
  Eat: Ration            |     1 |       ||     1
       Chunk             |     1 |     2 ||     3
Armor: Robe              |    10 |       ||    10
       Leather armour    |    14 |    20 ||    34
Dodge: Dodged            |    24 |    39 ||    63
